 Dungeon Crawl Stone Soup version 0.30-a0-718-geaa24f58ff (webtiles) character file.

Game seed: 2709388995627898651

1254 Irreverend the Chopper (level 8, -8/71 HPs)
             Began as a Minotaur Fighter on Jan 25, 2023.
             Killed from afar by a steam dragon (20 damage)
             ... with a ball of steam
             ... on level 6 of the Dungeon.
             The game lasted 00:16:19 (5793 turns).

Irreverend the Chopper (Minotaur Fighter)           Turns: 5793, Time: 00:16:19

Health: -8/71      AC: 11    Str: 22    XL:     8   Next: 26%
Magic:  7/7        EV:  7    Int: 11    God:
Gold:   333        SH:  5    Dex: 14    Spells: 7/7 levels left

rFire   . . .      SeeInvis .    a - +0 war axe
rCold   x . .      Faith    .    c - +0 buckler
rNeg    . . .      Spirit   .    o - +0 chain mail
rPois   +          Reflect  .    (helmet restricted)
rElec   .          Harm     .    (no cloak)
rCorr   .          Rampage  .    y - +0 pair of gloves
Will    +....                    (no boots) Stlth
                                 (no amulet)
HPRegen 0.31/turn                f - ring of Temptation {rPois rC- Will+ Int+6 Dex+3}
MPRegen 0.10/turn                p - ring of poison resistance

@: no status effects
A: horns 2, retaliatory headbutt
a: no special abilities


You were on level 6 of the Dungeon.
You visited 2 branches of the dungeon, and saw 7 of its levels.

You collected 333 gold pieces.

Inventory:

Hand Weapons
 a - a +0 war axe (weapon)
Missiles
 t - 2 poisoned darts (quivered)
Armour
 b - a +0 scale mail
 c - a +0 buckler (worn)
 o - a +0 chain mail (worn)
 y - a +0 pair of gloves (worn)
Jewellery
 d - a ring of resist corrosion
 f - the ring of Temptation (left hand) {rPois rC- Will+ Int+6 Dex+3}
   (You found it on level 3 of the Dungeon)

   [ring of intelligence]

   Int:       It affects your intelligence (+6).
   Dex:       It affects your dexterity (+3).
   rC:        It makes you vulnerable to cold.
   rPois:     It protects you from poison.
   Will:      It increases your willpower.
 m - a +6 ring of intelligence
 p - a ring of poison resistance (right hand)
 r - an amulet of magic regeneration
 s - a ring of positive energy
Wands
 w - a wand of charming (4)
 z - a wand of flame (18)
Scrolls
 e - 5 scrolls of identify
 h - a scroll of immolation
 k - 2 scrolls of noise {unknown}
 l - a scroll of amnesia {unknown}
 n - 11 scrolls of teleportation
 q - 2 scrolls of fear {unknown}
 u - 2 scrolls of poison {unknown}
Potions
 g - a potion of heal wounds
 i - a potion of ambrosia {unknown}
 j - a potion of lignification
 v - a potion of resistance {unknown}
 x - a potion of curing


   Skills:
 + Level 6.4 Fighting
 * Level 7.9 Axes
 + Level 6.4 Armour
 + Level 6.5 Shields


You had 7 spell levels left.
You didn't know any spells.
Your spell library contained the following spells:

 Spells                   Type           Power      Damage    Failure   Level
 Ensorcelled Hibernation  Hex/Ice        0%         N/A       99%         2
 Passwall                 Tmut/Erth      0%         N/A       99%         2
 Dazzling Flash           Conj/Hex       0%         N/A       100%        3
 Spider Form              Tmut/Pois      0%         N/A       100%        3
 Swiftness                Air            0%         N/A       100%        3
 Anguish                  Hex/Necr       0%         N/A       100%        4
 Agony                    Necr           0%         N/A       100%        5
 Silence                  Hex/Air        0%         N/A       100%        5


Dungeon Overview and Level Annotations

Branches:
Dungeon (6/15)             Temple (1/1) D:4

Altars:
Ashenzari
Cheibriados
Dithmenos
Elyvilon
Fedhas
Gozag
Hepliaklqana
Kikubaaqudgha
Makhleb
Nemelex Xobeh
Okawaru
Qazlal
Ru
Sif Muna
Trog
Uskayaw
Vehumet
Wu Jian
Xom
Yredelemnul
Zin
The Shining One

Shops:
D:4 *

Annotations:
D:6 1 transporter


Innate Abilities, Weirdness & Mutations

You have a pair of horns on your head.
You reflexively headbutt those who attack you in melee.


Message History

You see here a potion of curing.
The steam dragon breathes steam at you. The ball of steam hits you!
You hear a shout!
The quasit gives a chilling moan.
The steam dragon breathes steam at you. The ball of steam hits you!!
You are engulfed in a cloud of scalding steam.
You are engulfed in a cloud of scalding steam.
* * * LOW HITPOINT WARNING * * *
The steam dragon breathes steam at you. The ball of steam hits you!
* * * LOW HITPOINT WARNING * * *
The quasit gives a chilling moan.
You feel much better. You block the steam dragon's attack.
The steam dragon claws you.
You completely miss the steam dragon. The steam dragon breathes steam at you.
The ball of steam hits you!
You hear a shout!
You hit the steam dragon but do no damage.
You are engulfed in a cloud of scalding steam.
The steam dragon breathes steam at you. The ball of steam hits you!
* * * LOW HITPOINT WARNING * * *
The steam dragon bites you.
* * * LOW HITPOINT WARNING * * *
You block the steam dragon's attack.
You closely miss the steam dragon.
The steam dragon bites you but does no damage.
The steam dragon claws you but does no damage.
The steam dragon bites you.
* * * LOW HITPOINT WARNING * * *
The steam dragon claws you.
* * * LOW HITPOINT WARNING * * *
You slash the steam dragon!
The steam dragon is moderately wounded.
The steam dragon breathes steam at you. The ball of steam hits you!!
You die...

##.## ##...##########
##.............. #......§########
##.....## #. ##...## #.## #...##
#... ##§...##########...
###D@..###.......#...
###########...##.# #.......#.#.
###...........####.# #.......#...
...................# #...........
...................###........##.
[...###..###........##....>...#..
..§##.####g##.###..######........
.D.#.#.# ...###.#..# #####.#..
.§§#.(^..#.^...$#..# #.#..


You could see a steam dragon (catching breath).

Vanquished Creatures
  A troll (D:6)
  2 water moccasins (D:6)
  An ice beast (D:6)
  A necrophage (D:4)
  A scorpion (D:6)
  2 jellies
  2 hounds
  2 orc priests
  5 iguanas
  3 orc wizards (D:6)
  8 gnolls
  3 adders
  A shadow imp (D:6)
  3 ufetubi
  A worm (D:4)
  6 dart slugs
  13 orcs
  9 ball pythons
  2 endoplasms
  5 giant cockroaches
  8 goblins
  12 hobgoblins
  3 quokkas
  3 bats
  5 frilled lizards
  8 kobolds
  4 rats
114 creatures vanquished.

Notes
Turn   | Place    | Note
-------+----------+-------------------------------------------
     0 | D:1      | Irreverend the Minotaur Fighter began the quest for the
                  | Orb.
     0 | D:1      | Reached XP level 1. HP: 19/19 MP: 0/0
   269 | D:1      | Reached XP level 2. HP: 27/27 MP: 1/1
   424 | D:1      | Reached skill level 3 in Axes
   637 | D:1      | Reached XP level 3. HP: 33/33 MP: 2/2
  1110 | D:2      | Reached XP level 4. HP: 35/40 MP: 3/3
  1316 | D:2      | Reached skill level 4 in Axes
  1827 | D:3      | Found an iron altar of Okawaru.
  1906 | D:3      | Reached XP level 5. HP: 4/47 MP: 4/4
  2075 | D:3      | Identified the +9 sling of Daqoppuc {drain, +Blink}
  2320 | D:3      | Identified the ring of Temptation {rPois rC- Will+ Int+6
                  | Dex+3}
  2395 | D:4      | Found Gozag's Platinum Reserve.
  2399 | D:4      | Found an opulent altar of Gozag.
  2678 | D:4      | Found a hazy altar of Hepliaklqana.
  2750 | D:4      | Found a snail-covered altar of Cheibriados.
  2849 | D:4      | Reached skill level 5 in Axes
  2896 | D:4      | Reached skill level 5 in Shields
  2896 | D:4      | Reached XP level 6. HP: 53/55 MP: 5/5
  2930 | D:4      | Reached skill level 5 in Fighting
  2930 | D:4      | Reached skill level 5 in Armour
  3042 | D:4      | Found a staircase to the Ecumenical Temple.
  3244 | Temple   | Entered the Ecumenical Temple
  3976 | D:5      | Entered Level 5 of the Dungeon
  4106 | D:5      | Found the +4 robe of Augmentation {Str+4 Int+4 Dex+4}
  4476 | D:5      | Reached skill level 6 in Axes
  4596 | D:5      | Reached XP level 7. HP: 38/61 MP: 6/6
  5243 | D:6      | Reached skill level 7 in Axes
  5303 | D:6      | Reached XP level 8. HP: 70/70 MP: 7/7
  5310 | D:6      | Noticed a troll
  5328 | D:6      | Killed a troll
  5696 | D:6      | Found a transporter.
  5767 | D:6      | Noticed a small abomination
  5793 | D:6      | Killed from afar by a steam dragon

Illustrated notes

Levels and vault maps discovered:
D:1:      kennysheep_arrival_seaside, layout_loops_corners
D:2:      layout_loops_ring
D:3:      layout_basic, okawaru_gym_becter
D:4:      layout_loops_ring, mainiacjoe_overflow_concentric_impassable,
          mainiacjoe_overflow_boulevard, nicolae_gozag_zags_fifth_avenue,
          minmay_temple_entry_tees, minmay_fractal_squares_diagonal_5
D:5:      layout_loops_ring, minmay_misc_feat_ornament,
          corexii_item_surrounded_by_moat
D:6:      layout_loops_cross, gammafunk_ghost_abyssal_escape, serial_rivers,
          chequers_serial_rivers_micro_e, chequers_serial_rivers_large_b,
          chequers_serial_rivers_micro_d, chequers_serial_rivers_small_a,
          chequers_serial_rivers_micro_c, chequers_serial_rivers_small_b,
          uniq_sigmund, uniq_crazy_yiuf_cottage, uniq_prince_ribbit1
Temple:   mainiacjoe_temple_bowtie_tessellation

Skill      XL: |  1  2  3  4  5  6  7 |
---------------+----------------------+-----
Axes           | 3 4 5 6 7 |  7.9
Fighting       | 4 5 6 |  6.4
Shields        | 4 5 6 |  6.5
Armour         | 4 5 6 |  6.4

Action                     |  1- 3 |  4- 6 |  7- 9 || total
---------------------------+-------+-------+-------++-------
  Melee: War axe           |    63 |   166 |    77 ||   306
         Headbutt          |     7 |    20 |    13 ||    40
  Throw: Dart              |       |     2 |       ||     2
    Use: Potion            |       |     5 |     1 ||     6
         Scroll            |       |     1 |       ||     1
 Armour: Scale mail        |    32 |       |       ||    32
         Chain mail        |       |    92 |    49 ||   141
         Skin              |       |    22 |       ||    22
  Dodge: Dodged            |    24 |    56 |    21 ||   101
  Block: Buckler           |    16 |    36 |    24 ||    76

Table legend: (Time is in decaauts)
 A = Elapsed time spent in this place.
 B = Non-inter-level travel time spent in this place.
 C = Inter-level travel time spent in this place.
 D = Time resting spent in this place.
 E = Time spent auto-exploring this place.
 F = Levels seen in this place.
 G = Mean time per level.
                   A        B        C        D        E       F      G
               +--------+--------+--------+--------+--------+-----+--------+
         Total |   5881 |   5672 |    209 |    509 |   3501 |   7 |  840.1 |
       Dungeon |   5426 |   5226 |    200 |    509 |   3323 |   6 |  904.3 |
        Temple |    455 |    446 |      9 |      0 |    178 |   1 |  455.0 |
               +--------+--------+--------+--------+--------+-----+--------+

Top non-repeatable levels by time:
     D:4: 1147 daAuts
     D:1: 1027 daAuts
     D:5: 979 daAuts
     D:6: 858 daAuts
     D:3: 724 daAuts
     D:2: 689 daAuts
  Temple: 455 daAuts
